 Dungeon Sprint DCSS version 0.30-a0-311-gf115ab0292 (webtiles) character file.

Game seed: 1771220591435447012

2158 wilfster70 the Severer (level 9, 0/90 HPs)
             Began as a Hill Orc Fighter on Oct 25, 2022.
             Was a Priest of Okawaru.
             Slain by a tengu warrior
             ... wielding a +0 glaive
              (10 damage)
             ... while petrified by a basilisk
             ... in the Dungeon (Sprint IX: "|||||||||||||||||||||||||||||").
             The game lasted 00:02:59 (365 turns).

wilfster70 the Severer (Hill Orc Fighter)            Turns: 365, Time: 00:03:00

Health: 0/90       AC: 18    Str: 23    XL:     9   Next: 31%
Magic:  15/16      EV:  2    Int: 11    God:    Okawaru [***...]
Gold:   0          SH:  0    Dex: 10    Spells: 8/8 levels left

rFire   . . .      SeeInvis .    a - +1 broad axe (freeze)
rCold   . . .      Faith    .    c - +0 buckler
rNeg    + + +      Spirit   .    o - +1 chain mail
rPois   ∞          Reflect  .    (no helmet)
rElec   .          Harm     .    n - +0 cloak
rCorr   .          Rampage  .    (no gloves)
Will    .....      NoTele   +    m - +0 pair of boots
Stlth   ..........               (no amulet)
HPRegen 0.35/turn                p - +2 ring of protection
MPRegen 0.15/turn                q - +3 ring of intelligence

@: petrified
A: no striking features
a: Renounce Religion, Heroism


You were in the Dungeon.
You worshipped Okawaru.
Okawaru was most pleased with you.
You visited 1 branch

Inventory:

Hand Weapons
 a - a +1 broad axe of freezing (weapon)
Armour
 c - a +0 buckler (worn)
 m - a +0 pair of boots (worn)
 n - a +0 cloak (worn)
 o - a +1 chain mail (worn)
Jewellery
 p - a +2 ring of protection (left hand)
 q - a +3 ring of intelligence (right hand)
Wands
 l - a wand of quicksilver (10)
Scrolls
 j - 2 scrolls of blinking
 k - 2 scrolls of amnesia
Potions
 d - a potion of might
 e - 5 potions of curing
 f - 2 potions of heal wounds
 g - a potion of haste
 h - 4 potions of magic
 i - a potion of invisibility


   Skills:
 + Level 12.0 Fighting
 * Level 17.4 Axes
 + Level 11.1 Armour
 - Level 4.0 Shields
 + Level 9.8 Invocations


You had 8 spell levels left.
You didn't know any spells.
Your spell library was empty.

Dungeon Overview and Level Annotations

Branches:
Dungeon (1/1)

Altars:
Cheibriados
Dithmenos
Elyvilon
Fedhas
Gozag
Hepliaklqana
Kikubaaqudgha
Makhleb
Nemelex Xobeh
Okawaru
Qazlal
Ru
Sif Muna
Trog
Uskayaw
Vehumet
Wu Jian
Xom
Yredelemnul
Zin
The Shining One
Beogh
Jiyva
Lugonu


Message History

The basilisk is severely wounded.
The basilisk bites you!
* * * LOW HITPOINT WARNING * * *
You hit the basilisk.
The basilisk seems to slow down.
You freeze the basilisk.
The basilisk is severely wounded.
The tengu warrior hits you but does no damage.
You completely miss the basilisk.
The basilisk is severely wounded.
The tengu warrior hits you from afar with a +0 glaive!
* * * LOW HITPOINT WARNING * * *
The basilisk gazes at you.
You are slowing down.
You feel much better.
The tengu warrior hits you from afar with a +0 glaive!
* * * LOW HITPOINT WARNING * * *
The basilisk bites you.
* * * LOW HITPOINT WARNING * * *
Your limbs are stiffening.
You barely miss the basilisk.
The basilisk is severely wounded.
The tengu warrior hits you from afar with a +0 glaive!
* * * LOW HITPOINT WARNING * * *
The basilisk gazes at you. You resist with some effort.
You block the tengu warrior's attack.
You have turned to stone.
The tengu warrior hits you from afar with a +0 glaive!
* * * LOW HITPOINT WARNING * * *
The basilisk bites you!
* * * LOW HITPOINT WARNING * * *
The tengu warrior hits you but does no damage.
The basilisk gazes at you.
The tengu warrior hits you but does no damage.
The tengu warrior hits you but does no damage.
The basilisk gazes at you. You resist with some effort.
The tengu warrior hits you but does no damage.
The basilisk is no longer moving slowly.
The basilisk gazes at you.
The tengu warrior hits you from afar with a +0 glaive!!
You die... ▓▓▓▓▓▓▓▓▓▓▓▓▓▓▓▓▓▓▓▓▓▓▓▓ ..).....[').....@lQ....+ ▓▓▓▓▓▓▓▓▓▓▓▓▓▓▓▓▓▓▓▓▓▓▓▓

You could see a tengu warrior and a basilisk.

Vanquished Creatures
  2 two-headed ogres (D)
  A troll (D)
  A wraith (D)
  A yak (D)
  An acid dragon (D)
  2 water moccasins (D)
  A killer bee (D)
  A howler monkey (D)
  A hound (D)
  2 orc wizards (D)
  A gnoll (D)
  A worm (D)
  2 giant cockroaches (D)
  A goblin (D)
  A hobgoblin (D)
  A ball python (D)
20 creatures vanquished.

Notes
Turn   | Place    | Note
-------+----------+-------------------------------------------
     0 | D        | wilfster70 the Hill Orc Fighter began the quest for the
                  | Orb.
     0 | D        | Reached XP level 1. HP: 19/19 MP: 1/1
     6 | D        | Reached skill level 3 in Axes
    12 | D        | Reached skill level 4 in Axes
    18 | D        | Noticed a hound
    18 | D        | Noticed a water moccasin
    18 | D        | Noticed a water moccasin
    25 | D        | Killed a hound
    26 | D        | Reached skill level 5 in Fighting
    26 | D        | Reached skill level 6 in Axes
    26 | D        | Reached XP level 2. HP: 29/29 MP: 2/2
    26 | D        | Reached XP level 3. HP: 36/36 MP: 3/3
    27 | D        | Killed a water moccasin
    28 | D        | Reached skill level 9 in Axes
    28 | D        | Reached XP level 4. HP: 45/45 MP: 4/4
    28 | D        | Reached XP level 5. HP: 51/51 MP: 5/5
    33 | D        | Killed a water moccasin
    34 | D        | Reached skill level 11 in Axes
    34 | D        | Reached XP level 6. HP: 61/61 MP: 6/6
   105 | D        | Found a roughly hewn altar of Beogh.
   105 | D        | Found a snail-covered altar of Cheibriados.
   105 | D        | Found a shadowy altar of Dithmenos.
   105 | D        | Found a white marble altar of Elyvilon.
   105 | D        | Found a blossoming altar of Fedhas.
   105 | D        | Found an opulent altar of Gozag.
   106 | D        | Found a hazy altar of Hepliaklqana.
   107 | D        | Found a viscous altar of Jiyva.
   108 | D        | Found an ancient bone altar of Kikubaaqudgha.
   109 | D        | Found a corrupted altar of Lugonu.
   110 | D        | Found a burning altar of Makhleb.
   111 | D        | Found a sparkling altar of Nemelex Xobeh.
   112 | D        | Found an iron altar of Okawaru.
   113 | D        | Found a stormy altar of Qazlal.
   114 | D        | Found a sacrificial altar of Ru.
   115 | D        | Found a shimmering blue altar of Sif Muna.
   116 | D        | Found a bloodstained altar of Trog.
   117 | D        | Found a hide-covered altar of Uskayaw.
   118 | D        | Found a radiant altar of Vehumet.
   119 | D        | Found an ornate altar of the Wu Jian Council.
   120 | D        | Became a worshipper of Warmaster Okawaru
   121 | D        | Found a shimmering altar of Xom.
   122 | D        | Found a basalt altar of Yredelemnul.
   123 | D        | Found a glowing silver altar of Zin.
   124 | D        | Found a glowing golden altar of the Shining One.
   177 | D        | Noticed a yak
   177 | D        | Noticed a wraith
   177 | D        | Noticed a two-headed ogre
   181 | D        | Reached skill level 1 in Invocations
   184 | D        | Reached skill level 12 in Axes
   186 | D        | Killed a yak
   186 | D        | Reached * piety under Okawaru
   187 | D        | Reached skill level 13 in Axes
   187 | D        | Reached XP level 7. HP: 64/70 MP: 6/10
   197 | D        | Killed a wraith
   198 | D        | Reached skill level 5 in Invocations
   205 | D        | Killed a two-headed ogre
   205 | D        | Reached ** piety under Okawaru
   206 | D        | Reached skill level 10 in Fighting
   206 | D        | Reached skill level 15 in Axes
   206 | D        | Reached skill level 10 in Armour
   206 | D        | Reached XP level 8. HP: 42/81 MP: 6/13
   328 | D        | Noticed a troll
   328 | D        | Noticed a two-headed ogre
   328 | D        | Noticed a tengu warrior
   332 | D        | Killed a troll
   332 | D        | Reached *** piety under Okawaru
   333 | D        | Reached skill level 16 in Axes
   340 | D        | Killed a two-headed ogre
   341 | D        | Reached skill level 17 in Axes
   341 | D        | Reached XP level 9. HP: 36/90 MP: 11/16
   357 | D        | HP: 3/90 [tengu warrior/+0 glaive (17)]
   365 | D        | Slain by a tengu warrior

Illustrated notes

Levels and vault maps discovered:
D:        linesprint [early_d, line_temple, items_1, d_10, items_2, lair_1,
          lair_end, items_3, orc_1, orc_end, items_4, d_15, swamp_1, shoals_1,
          snake_1, spider_1, d_20, vaults_1, items_5, swamp_end, shoals_end,
          snake_end, spider_end, vaults_end, d_27, items_6, zot_1, zot_end,
          crypt_end, forest_end, elf_end, slime_end, tomb_end, abyss_end,
          pan_hell_end]

Skill      XL: |  1  2  3  4  5  6  7  8  9 |
---------------+----------------------------+-----
Axes           | 6 9 11 13 15 17 | 17.4
Fighting       | 5 6 8 9 10 11 12 | 12.0
Armour         | 4 6 7 8 10 11 | 11.1
Shields        | 4 |  4.0
Invocations    | 4 7 9 |  9.8

Action                   |  1- 3 |  4- 6 |  7- 9 || total
-------------------------+-------+-------+-------++-------
Melee: War axe           |    16 |    10 |       ||    26
       Broad axe         |       |     8 |    50 ||    58
Invok: Heroism           |       |       |     2 ||     2
  Use: Potion            |     1 |       |     1 ||     2
Armor: Scale mail        |     8 |     2 |       ||    10
       Chain mail        |       |     4 |    19 ||    23
Dodge: Dodged            |     7 |     2 |    18 ||    27
Block: Buckler           |       |     6 |    10 ||    16

Table legend: (Time is in decaauts)
 A = Elapsed time spent in this place.
 B = Non-inter-level travel time spent in this place.
 C = Inter-level travel time spent in this place.
 D = Time resting spent in this place.
 E = Time spent auto-exploring this place.
 F = Levels seen in this place.
 G = Mean time per level.
                   A        B        C        D        E       F      G
               +--------+--------+--------+--------+--------+-----+--------+
         Total |    367 |    367 |      0 |    185 |      0 |   1 |  367.0 |
       Dungeon |    367 |    367 |      0 |    185 |      0 |   1 |  367.0 |
               +--------+--------+--------+--------+--------+-----+--------+

Top non-repeatable levels by time:
       D: 367 daAuts
